 Dungeon Crawl Stone Soup version 0.32-a0-918-g0f22ef8d61 (console) character file.

Game seed: 15015164589297682290

14774 jejorda2 the Spear-Bearer (level 12, -5/145 HPs)
             Began as a Gnoll Berserker on Apr 11, 2024.
             Was an Elder of Trog.
             Slain by a komodo dragon (15 damage)
             ... on level 2 of the Lair of Beasts.
             The game lasted 00:28:02 (11744 turns).

jejorda2 the Spear-Bearer (Gnoll Berserker)        Turns: 11744, Time: 00:28:03

Health: -5/145     AC: 26    Str: 21    XL:     12   Next: 20%
Magic:  23/23      EV:  8    Int:  8    God:    Trog [****..]
Gold:   187        SH:  0    Dex: 11    Spells: 25/25 levels left

rFire   . . .        a - +0 trident (spect)
rCold   . . .        (no shield)
rNeg    . . .        I - +0 plate armour
rPois   .            n - +2 helmet
rElec   .            B - +1 cloak
rCorr   .            q - +2 pair of gloves
SInv    +            g - +2 pair of boots
Will    .....        (no amulet) Stlth
                     d - ring of see invisible
HPRegen 0.44/turn    (no ring)
MPRegen 0.18/turn

%: no passive effects
@: berserking, very quick
A: fangs 1, strong nose, distributed training
a: Renounce Religion, Berserk, Trog's Hand, Brothers in Arms


You were on level 2 of the Lair of Beasts.
You worshipped Trog.
Trog was greatly pleased with you.
You visited 2 branches of the dungeon, and saw 11 of its levels.

You collected 542 gold pieces.
You spent 355 gold pieces at shops.

Inventory:

Hand Weapons
 a - a +0 spectral trident (weapon)
Missiles
 i - a boomerang
 r - 14 poisoned darts (quivered)
 w - 2 curare-tipped darts
 C - 2 throwing nets
 F - 2 datura-tipped darts
Armour
 g - a +2 pair of boots (worn)
 n - a +2 helmet (worn)
 q - a +2 pair of gloves (worn)
 B - a +1 cloak (worn)
 I - a +0 plate armour (worn)
Jewellery
 d - a ring of see invisible (left hand)
 e - a ring of fire
Wands
 m - a wand of acid (9)
 s - a wand of roots (6)
 t - a wand of polymorph (14)
 u - a wand of flame (35)
 x - a wand of mindburst (3)
 y - a wand of charming (10)
Scrolls
 h - 6 scrolls of teleportation
 j - 2 scrolls of poison
 v - 3 scrolls of immolation
 H - a scroll of fear
Potions
 b - a potion of might
 c - 2 potions of curing
 f - 2 potions of haste
 k - 2 potions of lignification
 l - 2 potions of invisibility
 o - 6 potions of attraction
 p - 2 potions of ambrosia {unknown}
 z - 2 potions of magic {unknown}
 D - 2 potions of mutation {unknown}
 E - 3 potions of heal wounds
 G - 2 potions of enlightenment


   Skills:
 + Level 9.9 Fighting
 + Level 7.3 Short Blades
 + Level 7.3 Long Blades
 + Level 7.3 Axes
 + Level 7.3 Maces & Flails
 + Level 9.9 Polearms
 + Level 7.3 Staves
 + Level 7.3 Ranged Weapons
 + Level 7.3 Throwing
 + Level 8.7 Armour
 + Level 8.7 Dodging
 + Level 7.3 Stealth
 + Level 7.3 Shields
 + Level 7.3 Unarmed Combat
 + Level 7.3 Spellcasting
 + Level 6.1 Conjurations
 + Level 6.1 Hexes
 + Level 6.1 Summonings
 + Level 6.1 Necromancy
 + Level 6.1 Translocations
 + Level 6.1 Fire Magic
 + Level 6.1 Ice Magic
 + Level 6.1 Air Magic
 + Level 6.1 Earth Magic
 + Level 6.1 Alchemy
 + Level 8.0 Invocations
 + Level 7.3 Evocations
 + Level 6.6 Shapeshifting


You had 25 spell levels left.
You didn't know any spells.
Your spell library was empty.

Dungeon Overview and Level Annotations

Branches:
Dungeon (9/15)             Temple (0/1) D:4            Lair (2/5) D:8
    Orc (0/2) D:9
  Swamp: Lair:2-3    Shoals: Lair:2-3     Snake: Lair:2-3    Spider: Lair:2-3

Altars:

Shops:
D:4 *   D:9 ::*[*

Annotations:
D:6 2 transporters, javelincjr's ghost, novice DgSu


Innate Abilities, Weirdness & Mutations

You have very sharp teeth.
Your uncanny sense of smell can sniff out nearby items.
Your experience applies equally to all skills.


Message History

You hit the cane toad.
The cane toad is severely wounded.
Your +0 spectral trident hits the cane toad!
The cane toad closely misses you.
You hit the cane toad.
The cane toad is almost dead.
Your +0 spectral trident hits the cane toad but does no damage.
The cane toad stings you but does no damage.
You puncture the cane toad!
You kill the cane toad!
Trog accepts your kill.
Your +0 spectral trident disappears.
You hit the komodo dragon but do no damage.
Your +0 spectral trident barely misses the komodo dragon.
The komodo dragon bites you!
You closely miss the komodo dragon. Your bite misses the komodo dragon.
Your +0 spectral trident barely misses the komodo dragon.
The komodo dragon closely misses you.
You hit the komodo dragon but do no damage.
Your bite misses the komodo dragon.
Your +0 spectral trident hits the komodo dragon.
You hit the komodo dragon but do no damage.
The komodo dragon is lightly wounded.
Your +0 spectral trident hits the komodo dragon but does no damage.
The komodo dragon bites you!
You puncture the komodo dragon!
The komodo dragon is moderately wounded.
Your +0 spectral trident hits the komodo dragon but does no damage.
The komodo dragon bites you!!
* * * LOW HITPOINT WARNING * * *
You barely miss the komodo dragon. Your bite misses the komodo dragon.
The komodo dragon is moderately wounded.
Your +0 spectral trident hits the komodo dragon but does no damage.
The komodo dragon bites you.
* * * LOW HITPOINT WARNING * * *
A red film seems to cover your vision as you go berserk!
You feel yourself moving faster!
You feel mighty!
Your +0 spectral trident disappears.
The komodo dragon bites you!
You die...

#### ############ ########..####
##
##.##.≈....~.###.#..##P.#.P.##.#P
..##...≈..~...##.................
.##.≈^.~..~..~.#.................
.##..≈..~~..~..##......##).#...#.
.#...########.^.#.....##...##.##.
##..## ##..##....#P.........
..~## ##.@#............... #.##
##l##...#....†..P#. ..#∆
#††#...........##. .##
##(#...##.......#. .# ∆
#!...#...P#.####.##. .# ∆ ∆
#..#(#...##...##.#.. .# ∆
#.##.#.)............ . #^^
..#.............. # #..
.##..............


You could see a komodo dragon.

Vanquished Creatures
  Pikel (D:4)
  2 elephants
  2 black mambas
  Maggie (D:8)
  6 cane toads
  A rime drake (Lair:2)
  4 komodo dragons
  A troll (D:9)
  A polar bear (Lair:2)
  Grinder (D:6)
  4 blink frogs (Lair:2)
  Sigmund (D:3)
  A basilisk (Lair:1)
  3 wyverns
  Eustachio (D:4)
  13 yaks
  A steam dragon (D:8)
  An acid dragon (D:8)
  4 water moccasins
  Duvessa (D:6)
  An orc warrior (D:9)
  2 ice beasts (D:8)
  4 black bears
  3 ogres
  14 wolves
  3 centaurs
  A phantom (D:5)
  2 kobold brigands
  A gnoll sergeant (D:6)
  10 bullfrogs
  4 scorpions
  8 wights
  Dowan (D:6)
  3 bombardier beetles
  5 hounds
  A jelly (D:6)
  A gnoll bouda (D:6)
  4 orc priests
  Crazy Yiuf (D:5)
  3 sleepcaps
  Ijyb (D:4)
  6 iguanas
  4 orc wizards
  12 gnolls
  5 adders
  A white imp (D:5)
  A ribbon worm (D:2)
  6 dart slugs
  27 orcs
  8 ball pythons
  4 endoplasms
  4 giant cockroaches
  7 hobgoblins
  4 jackals (D:2)
  5 quokkas
  4 bats
  6 frilled lizards
  8 goblins
  12 kobolds
  2 rats
249 creatures vanquished.

Vanquished Creatures (others)
  A spectral weapon (Lair:2)
1 creature vanquished.

Grand Total: 250 creatures vanquished

Notes
Turn   | Place    | Note
-------+----------+-------------------------------------------
     0 | D:1      | jejorda2 the Gnoll Berserker began the quest for the Orb.
     0 | D:1      | Reached XP level 1. HP: 23/23 MP: 1/1
   179 | D:1      | Reached XP level 2. HP: 26/29 MP: 2/2
   835 | D:2      | Reached XP level 3. HP: 35/35 MP: 3/3
   919 | D:2      | Reached skill level 1 in Invocations
   997 | D:2      | Reached ** piety under Trog
  1117 | D:2      | Reached skill level 1 in Short Blades
  1117 | D:2      | Reached skill level 1 in Long Blades
  1117 | D:2      | Reached skill level 1 in Axes
  1117 | D:2      | Reached skill level 1 in Maces & Flails
  1117 | D:2      | Reached skill level 1 in Staves
  1117 | D:2      | Reached skill level 1 in Ranged Weapons
  1117 | D:2      | Reached skill level 1 in Throwing
  1117 | D:2      | Reached skill level 1 in Stealth
  1117 | D:2      | Reached skill level 1 in Shields
  1117 | D:2      | Reached skill level 1 in Unarmed Combat
  1117 | D:2      | Reached skill level 1 in Spellcasting
  1117 | D:2      | Reached skill level 1 in Evocations
  1399 | D:3      | Reached skill level 1 in Shapeshifting
  1399 | D:3      | Reached XP level 4. HP: 30/41 MP: 5/5
  1415 | D:3      | Reached skill level 1 in Conjurations
  1415 | D:3      | Reached skill level 1 in Hexes
  1415 | D:3      | Reached skill level 1 in Summonings
  1415 | D:3      | Reached skill level 1 in Necromancy
  1415 | D:3      | Reached skill level 1 in Translocations
  1415 | D:3      | Reached skill level 1 in Fire Magic
  1415 | D:3      | Reached skill level 1 in Ice Magic
  1415 | D:3      | Reached skill level 1 in Air Magic
  1415 | D:3      | Reached skill level 1 in Earth Magic
  1415 | D:3      | Reached skill level 1 in Alchemy
  1703 | D:3      | Reached XP level 5. HP: 47/47 MP: 5/7
  1724 | D:3      | Noticed Sigmund
  1740 | D:3      | Killed Sigmund
  1741 | D:3      | Reached skill level 5 in Armour
  1741 | D:3      | Reached skill level 5 in Dodging
  1741 | D:3      | Reached XP level 6. HP: 43/53 MP: 7/9
  2000 | D:4      | Noticed a black bear
  2006 | D:4      | Killed a black bear
  2069 | D:4      | Noticed Eustachio
  2071 | D:4      | Noticed Ijyb
  2079 | D:4      | Reached XP level 7. HP: 50/59 MP: 10/10
  2106 | D:4      | Killed Eustachio
  2168 | D:4      | Noticed Pikel
  2279 | D:4      | Killed Pikel
  2280 | D:4      | Reached XP level 8. HP: 67/67 MP: 10/12
  2333 | D:4      | Killed Ijyb
  2397 | D:4      | Found a staircase to the Ecumenical Temple.
  2853 | D:4      | Found Witit's Assorted Antiques.
  2862 | D:4      | Bought a scroll labelled DAOCIPYSON for 26 gold pieces
  2862 | D:4      | Bought a scroll labelled KYDAJOYCZU for 26 gold pieces
  2862 | D:4      | Bought a scroll labelled DUIDEVV YGOSS for 26 gold pieces
  2961 | D:5      | Entered Level 5 of the Dungeon
  3306 | D:5      | Reached XP level 9. HP: 71/73 MP: 14/14
  3310 | D:5      | Reached *** piety under Trog
  3674 | D:5      | Found a runed translucent door.
  3675 | D:5      | Noticed Crazy Yiuf
  3682 | D:5      | Killed Crazy Yiuf
  3978 | D:6      | Noticed javelincjr's ghost (novice DgSu)
  3980 | D:6      | Found a transporter.
  3985 | D:6      | Found a transporter.
  4844 | D:6      | Noticed Grinder
  4851 | D:6      | Paralysed by Grinder for 2 turns
  4861 | D:6      | Killed Grinder
  4862 | D:6      | Reached skill level 5 in Invocations
  4908 | D:6      | Noticed Duvessa
  4909 | D:6      | Noticed Dowan
  4921 | D:6      | Killed Duvessa
  4971 | D:6      | Killed Dowan
  6139 | D:7      | Reached skill level 5 in Short Blades
  6139 | D:7      | Reached skill level 5 in Long Blades
  6139 | D:7      | Reached skill level 5 in Axes
  6139 | D:7      | Reached skill level 5 in Maces & Flails
  6139 | D:7      | Reached skill level 5 in Staves
  6139 | D:7      | Reached skill level 5 in Ranged Weapons
  6139 | D:7      | Reached skill level 5 in Throwing
  6139 | D:7      | Reached skill level 5 in Stealth
  6139 | D:7      | Reached skill level 5 in Shields
  6139 | D:7      | Reached skill level 5 in Unarmed Combat
  6139 | D:7      | Reached skill level 5 in Spellcasting
  6139 | D:7      | Reached skill level 5 in Evocations
  6139 | D:7      | Reached XP level 10. HP: 81/81 MP: 17/17
  7234 | D:8      | Found the Hermit's Pendant {Faith Invo=14 Evo=0 MP+5}
  7268 | D:8      | Noticed Maggie
  7272 | D:8      | Killed Maggie
  7376 | D:8      | Noticed an elephant
  7383 | D:8      | Killed an elephant
  7384 | D:8      | Reached skill level 5 in Shapeshifting
  7858 | D:8      | Found a staircase to the Lair.
  8387 | D:9      | Reached skill level 5 in Conjurations
  8387 | D:9      | Reached skill level 5 in Hexes
  8387 | D:9      | Reached skill level 5 in Summonings
  8387 | D:9      | Reached skill level 5 in Necromancy
  8387 | D:9      | Reached skill level 5 in Translocations
  8387 | D:9      | Reached skill level 5 in Fire Magic
  8387 | D:9      | Reached skill level 5 in Ice Magic
  8387 | D:9      | Reached skill level 5 in Air Magic
  8387 | D:9      | Reached skill level 5 in Earth Magic
  8387 | D:9      | Reached skill level 5 in Alchemy
  8387 | D:9      | Reached XP level 11. HP: 88/89 MP: 18/20
  8879 | D:9      | Found Wenyud's Antique Armour Shop.
  8889 | D:9      | Bought a pair of glowing gloves for 277 gold pieces
  9060 | D:9      | Found Jonkaax's General Store.
  9130 | D:9      | Found Uqaun's Book Shop.
  9282 | D:9      | Found a staircase to the Orcish Mines.
  9297 | D:9      | Found Xeorylim's Book Shop.
  9323 | D:9      | Found Ceuggon's General Store.
  9709 | Lair:1   | Entered Level 1 of the Lair of Beasts
 11594 | Lair:2   | Reached XP level 12. HP: 73/87 MP: 22/22
 11678 | Lair:2   | Reached **** piety under Trog
 11744 | Lair:2   | Slain by a komodo dragon

Illustrated notes

Levels and vault maps discovered:
D:1:      lightli_arrival_windingriver, layout_basic,
          amcnicky_mini_rare_corridor_liquid
D:2:      layout_rooms
D:3:      kennysheep_big_flooded_room, layout_basic, uniq_sigmund
D:4:      layout_rooms, minmay_temple_entry_tees, serial_shops,
          nicolae_shop_pleasant_corner_grove, hangedman_decor_push, uniq_pikel,
          uniq_eustachio, uniq_ijyb
D:5:      layout_loops_ring, serial_glass, glass_columns_b, glass_columns_a,
          minmay_crossroads, uniq_crazy_yiuf_cottage
D:6:      layout_basic, gammafunk_ghost_smash, uniq_duvessa, uniq_grinder
D:7:      layout_layer_cave, kennysheep_generic_room_11
D:8:      layout_rooms, grunt_lair_entry_orc_guard_hut, uniq_maggie
D:9:      layout_rooms, serial_shops, nicolae_shop_hallway_stairs,
          kennysheep_mini, nicolae_inconvenience_store,
          nicolae_shop_window_shopping, shop
Lair:1:   layout_loops_ring, grunt_megastairs_1
Lair:2:   layout_regular_city, nicolae_shoals_entry_roost,
          spider_nest_entry_funnel_web, nzn_random_ring

Skill      XL: |  1  2  3  4  5  6  7  8  9 10 11 12 |
---------------+-------------------------------------+-----
Invocations    | 1 2 3 4 5 6 7 8 |  8.0
Short Blades   | 1 2 3 5 6 7 |  7.3
Long Blades    | 1 2 3 5 6 7 |  7.3
Axes           | 1 2 3 5 6 7 |  7.3
Maces & Flails | 1 2 3 5 6 7 |  7.3
Staves         | 1 2 3 5 6 7 |  7.3
Ranged Weapons | 1 2 3 5 6 7 |  7.3
Throwing       | 1 2 3 5 6 7 |  7.3
Stealth        | 1 2 3 5 6 7 |  7.3
Shields        | 1 2 3 5 6 7 |  7.3
Unarmed Combat | 1 2 3 5 6 7 |  7.3
Spellcasting   | 1 2 3 5 6 7 |  7.3
Evocations     | 1 2 3 5 6 7 |  7.3
Shapeshifting  | 1 2 3 4 5 6 |  6.6
Conjurations   | 1 2 3 4 5 6 |  6.1
Hexes          | 1 2 3 4 5 6 |  6.1
Summonings     | 1 2 3 4 5 6 |  6.1
Necromancy     | 1 2 3 4 5 6 |  6.1
Translocations | 1 2 3 4 5 6 |  6.1
Fire Magic     | 1 2 3 4 5 6 |  6.1
Ice Magic      | 1 2 3 4 5 6 |  6.1
Air Magic      | 1 2 3 4 5 6 |  6.1
Earth Magic    | 1 2 3 4 5 6 |  6.1
Alchemy        | 1 2 3 4 5 6 |  6.1
Armour         | 5 6 7 8 |  8.7
Dodging        | 5 6 7 8 |  8.7
Fighting       | 7 8 9 |  9.9
Polearms       | 7 8 9 |  9.9

Action                     |  1- 3 |  4- 6 |  7- 9 | 10-12 || total
---------------------------+-------+-------+-------+-------++-------
  Melee: Spear             |   131 |    20 |       |       ||   151
         Bite              |    12 |     4 |    30 |    52 ||    98
         Halberd           |       |    69 |   295 |   238 ||   602
         Unarmed           |       |       |    13 |       ||    13
         Lochaber axe      |       |       |       |   159 ||   159
         Trident           |       |       |       |    81 ||    81
  Throw: Dart              |       |       |     2 |    25 ||    27
 Invoke: Trog's Hand       |       |     3 |     4 |     5 ||    12
         Berserk           |       |     2 |    11 |     7 ||    20
  Evoke: Wand              |       |       |     3 |     7 ||    10
    Use: Scroll            |       |       |    17 |     7 ||    24
         Potion            |       |       |       |     3 ||     3
   Stab: Sleeping          |     1 |       |     5 |       ||     6
         Distracted        |       |       |     1 |       ||     1
 Armour: Animal skin       |    18 |       |       |       ||    18
         Ring mail         |    27 |    64 |   179 |    31 ||   301
         Skin              |       |       |     5 |       ||     5
         Chain mail        |       |       |       |   160 ||   160
         Plate armour      |       |       |       |   308 ||   308
  Dodge: Dodged            |    41 |    57 |   170 |   279 ||   547

Table legend: (Time is in decaauts)
 A = Elapsed time spent in this place.
 B = Non-inter-level travel time spent in this place.
 C = Inter-level travel time spent in this place.
 D = Time resting spent in this place.
 E = Time spent auto-exploring this place.
 F = Levels seen in this place.
 G = Mean time per level.
                   A        B        C        D        E       F      G
               +--------+--------+--------+--------+--------+-----+--------+
         Total |  12011 |  11377 |    634 |   1539 |   7650 |  11 | 1091.9 |
       Dungeon |  10018 |   9409 |    609 |   1274 |   6378 |   9 | 1113.1 |
          Lair |   1993 |   1968 |     25 |    264 |   1272 |   2 |  996.5 |
               +--------+--------+--------+--------+--------+-----+--------+

Top non-repeatable levels by time:
     D:6: 2002 daAuts
     D:8: 1470 daAuts
     D:7: 1285 daAuts
     D:9: 1227 daAuts
  Lair:1: 1205 daAuts
     D:5: 1049 daAuts
     D:4: 844 daAuts
     D:3: 788 daAuts
  Lair:2: 787 daAuts
     D:1: 770 daAuts
     D:2: 580 daAuts
